 Dungeon Crawl Stone Soup version 0.30-a0-718-geaa24f58ff (webtiles) character file.

Game seed: 5848224924328403488

60 CrazyBamboolord the Cutter (level 4, -2/29 HPs)
             Began as a Kobold Monk on Jan 25, 2023.
             Slain by an ogre
             ... wielding a +0 giant club
              (31 damage)
             ... on level 2 of the Dungeon.
             The game lasted 00:03:44 (1525 turns).

CrazyBamboolord the Cutter (Kobold Monk)            Turns: 1525, Time: 00:03:45

Health: -2/29      AC:  2    Str:  8    XL:     4   Next: 24%
Magic:  4/4        EV: 17    Int: 11    God:
Gold:   67         SH:  0    Dex: 19    Spells: 3/3 levels left

rFire   . . .      SeeInvis .    a - +0 short sword
rCold   . . .      Faith    .    (no shield)
rNeg    . . .      Spirit   .    b - +0 robe
rPois   .          Reflect  .    (no helmet)
rElec   .          Harm     .    (no cloak)
rCorr   .          Rampage  .    (no gloves)
Will    .....                    (no boots)
Stlth   ++++                     (no amulet)
HPRegen 0.24/turn                (no ring)
MPRegen 0.09/turn                (no ring)

@: no status effects
A: small, no large weapons, nightstalker 3
a: no special abilities


You were on level 2 of the Dungeon.
You visited 1 branch of the dungeon, and saw 2 of its levels.

You collected 67 gold pieces.

Inventory:

Hand Weapons
 a - a +0 short sword (weapon)
Armour
 b - a +0 robe (worn)
Scrolls
 c - a scroll of acquirement
 e - a scroll of identify
 f - a scroll of poison {unknown}
 h - a scroll of fog {unknown}
 i - a scroll of magic mapping {unknown}
 j - a scroll of fear {unknown}
Potions
 d - a potion of degeneration {unknown}
 g - a potion of flight {unknown}


   Skills:
 * Level 4.0 Fighting
 * Level 4.8 Short Blades
 * Level 4.3 Dodging
 + Level 3.3 Stealth


You had 3 spell levels left.
You didn't know any spells.
Your spell library was empty.

Dungeon Overview and Level Annotations

Branches:
Dungeon (2/15)

Altars:


Innate Abilities, Weirdness & Mutations

You are small and have problems with some larger weapons.
You are completely attuned to the shadows.


Message History

The adder is heavily wounded.
You feel sick. The adder barely misses you.
You miss the adder.
The adder is heavily wounded.
You feel sick. The adder bites you.
You are more poisoned.
The adder poisons you!
You hit the adder.
The adder is almost dead.
You feel sick. The adder completely misses you.
You hit the adder.
You kill the adder!
You feel sick.
Your Fighting skill increases to level 4!
No target in view!
You feel sick.
You feel sick.
You feel sick.
An ogre comes into view. It is wielding a +0 giant club.
An ogre is nearby!
An ogre is nearby!
As you read the scroll labelled PONUADGHO TIA, it crumbles to dust.
It is a scroll of identify.
c - a scroll of acquirement You feel sick.
Okay, then.
Unknown command.
You feel sick.
You are no longer poisoned.
You see here a +0 ring mail.
There is a stone staircase leading up here.
The ogre attacks as you move away! The ogre barely misses you.
The ogre attacks as you move away! The ogre barely misses you.
There is a shaft here.
There is a shaft here.
The ogre attacks as you move away! The ogre misses you.
The ogre attacks as you move away!
The ogre hits you with a +0 giant club!!
Ouch! That really hurt!
You die...

#..##..#
#......######.........#
#.####.# ##......# ####..#####
#.# #.# #.......#########..##
..# #.###......^............#
.## #.##........#########.###
.#####.##.<......### #.#
....##.#..#........# ####.####
.##.[...........O.[# #.....[.#
.##.............@######.......#
........................>.....#
.........##############.......#
............#### #.......#
...............# ###.#####
#..###.........# #.#
#...##.........# #.#
#...##.........# ##.#
.....#.........# #..#


You could see an ogre.

Vanquished Creatures
  2 adders (D:2)
  A worm (D:2)
  A dart slug (D:1)
  3 ball pythons
  6 endoplasms
  A giant cockroach (D:1)
  2 hobgoblins
  5 kobolds
  A quokka (D:2)
  5 bats
  A frilled lizard (D:1)
  4 goblins (D:1)
  4 rats
36 creatures vanquished.

Notes
Turn   | Place    | Note
-------+----------+-------------------------------------------
     0 | D:1      | CrazyBamboolord the Kobold Monk began the quest for the
                  | Orb.
     0 | D:1      | Reached XP level 1. HP: 14/14 MP: 1/1
   137 | D:1      | Reached XP level 2. HP: 19/19 MP: 2/2
   534 | D:1      | Reached XP level 3. HP: 24/24 MP: 3/3
   751 | D:1      | Found a faded altar of an unknown god.
  1348 | D:2      | Reached XP level 4. HP: 19/29 MP: 4/4
  1464 | D:2      | Noticed an ogre
  1465 | D:2      | Identified a scroll of acquirement
  1525 | D:2      | Slain by an ogre

Illustrated notes

Levels and vault maps discovered:
D:1:      dpeg_arrival_tiny_j, layout_basic,
          shapermc_ecumenical_altar_hornbeckon
D:2:      layout_rooms, serial_forest, infiniplex_forest_lined_4_way,
          infiniplex_forest_lined_3, infiniplex_forest_straight_3,
          infiniplex_forest_zigzag_2, infiniplex_forest_clump_C,
          infiniplex_forest_3_way, infiniplex_forest_clump_curved,
          infiniplex_forest_corner_1

Skill      XL: |  1  2  3  4 |
---------------+-------------+-----
Dodging        | 4 |  4.3
Stealth        | 3 |  3.3
Fighting       | 4 |  4.0
Short Blades   | |  4.8

Action                     |  1- 3 |  4- 6 || total
---------------------------+-------+-------++-------
  Melee: Short sword       |   110 |    10 ||   120
         Punch             |     1 |       ||     1
    Use: Potion            |     1 |       ||     1
         Scroll            |       |     1 ||     1
   Stab: Sleeping          |    16 |       ||    16
 Armour: Robe              |     5 |     1 ||     6
  Dodge: Dodged            |    47 |     7 ||    54

Table legend: (Time is in decaauts)
 A = Elapsed time spent in this place.
 B = Non-inter-level travel time spent in this place.
 C = Inter-level travel time spent in this place.
 D = Time resting spent in this place.
 E = Time spent auto-exploring this place.
 F = Levels seen in this place.
 G = Mean time per level.
                   A        B        C        D        E       F      G
               +--------+--------+--------+--------+--------+-----+--------+
         Total |   1504 |   1504 |      0 |     66 |   1108 |   2 |  752.0 |
       Dungeon |   1504 |   1504 |      0 |     66 |   1108 |   2 |  752.0 |
               +--------+--------+--------+--------+--------+-----+--------+

Top non-repeatable levels by time:
     D:1: 916 daAuts
     D:2: 587 daAuts
